 Dungeon Crawl Stone Soup version 0.28-a0-1632-g283549b12f (webtiles) character file.

Game seed: 15441601628543132723

1353970 AarnesTheHuman the Slayer (level 27, 236/244 HPs)
             Began as a Formicid Fighter on Jan 13, 2022.
             Was the Champion of Fedhas.
             Escaped with the Orb
             ... and 3 runes on Jan 25, 2022!
             The game lasted 06:30:16 (116959 turns).

AarnesTheHuman the Slayer (Formicid Fighter)      Turns: 116959, Time: 06:30:16

Health: 236/244    AC: 40    Str: 32 (33) XL:     27
Magic:  39/39      EV: 13    Int: 10 (11) God:    Fedhas [******]
Gold:   4667       SH: 27    Dex: 28      Spells: 24/26 levels left

rFire   + + +      SeeInvis +   a - +4 glaive of the Pharaoh's Fist {spect, rN+ Str+4 Dex+7}
rCold   + + +      Faith    .   o - +2 shield of Resistance {rF++ rC++ Will++}
rNeg    + + .      Spirit   .   T - +10 crystal plate armour {rC+}
rPois   +          Reflect  +   (helmet unavailable)
rElec   +          Harm     .   k - scarf {rC+ rF+}
rCorr   .          Rampage  .   K - +2 pair of gloves {hurl}
Will    +++++                   (no boots)
Stlth   ..........              M - amulet of Roomiuff {Reflect Will+ Int+4 SH+5}
HPRegen 0.50/turn               m - ring of Ziw Tibb {Int-2 Dex+7 Slay+4}
MPRegen 0.26/turn               q - ring of Scepticism {rElec rF+ rN+ Str-5 Dex+6}

@: studying 2 skills
A: permanent stasis, dig shafts and tunnels, antennae 3, four strong arms, large
bone plates 1, clumsy 1, deterioration 2, fire resistance 1, poison resistance,
inability to read while threatened, noise suppression
0: Orb of Zot
}: 3/15 runes: serpentine, barnacled, silver
a: Dig, Shaft Self, Renounce Religion, Wall of Briars, Grow Ballistomycete,
Overgrow, Grow Oklob


You escaped.
You worshipped Fedhas.
Fedhas was exalted by your worship.
You visited 10 branches of the dungeon, and saw 49 of its levels.
You visited 1 bazaar.
You also visited: Trove and Ice Cave.

You collected 9778 gold pieces.
You spent 5111 gold pieces at shops.

Inventory:

Hand Weapons
 a - the +4 glaive of the Pharaoh's Fist (weapon) {spect, rN+ Str+4 Dex+7}
   (You took it off a deep elf demonologist on level 3 of the Elven Halls)

   When its wielder attacks, the weapon's spirit leaps out and strikes again.
   The spirit shares a part of any damage it takes with its wielder.
   Str:       It affects your strength (+4).
   Dex:       It affects your dexterity (+7).
   rN:        It protects you from negative energy.
 b - the +7 triple crossbow of Cucit {penet, rN+}
   (You found it on level 3 of the Elven Halls)

   Any ammunition fired by it passes through the targets it hits, potentially
   hitting all targets in its path until it reaches maximum range.
   rN:        It protects you from negative energy.
 t - a +3 arbalest of freezing
 J - a +8 vampiric glaive
Missiles
 c - 24 javelins
 e - 47 poisoned darts (quivered)
 j - 11 throwing nets
 y - 1091 bolts
 H - 15 curare-tipped darts
Armour
 k - a scarf of resistance (worn)
 o - the +2 shield of Resistance (worn) {rF++ rC++ Will++}
   (You acquired it on level 3 of the Dungeon)

   rF:        It greatly protects you from fire.
   rC:        It greatly protects you from cold.
   Will:      It greatly increases your willpower.
 K - a +2 pair of gloves of hurling (worn)
 T - a +10 crystal plate armour of cold resistance (worn)
Jewellery
 m - the ring of Ziw Tibb (left hand) {Int-2 Dex+7 Slay+4}
   (You found it on level 1 of the Vaults)

   [ring of slaying]

   Int:       It affects your intelligence (-2).
   Dex:       It affects your dexterity (+7).
   Slay:      It affects your accuracy & damage with ranged weapons and melee
   (+4).
 q - the ring of Scepticism (right hand) {rElec rF+ rN+ Str-5 Dex+6}
   (You bought it in a shop on level 2 of the Depths)

   [ring of dexterity]

   Str:       It affects your strength (-5).
   Dex:       It affects your dexterity (+6).
   rF:        It protects you from fire.
   rElec:     It insulates you from electricity.
   rN:        It protects you from negative energy.
 v - the ring "Hawaagunk" {rPois rC+ rCorr Str+4}
   (You found it on level 3 of the Depths)

   [ring of protection from cold]

   Str:       It affects your strength (+4).
   rC:        It protects you from cold.
   rPois:     It protects you from poison.
   rCorr:     It protects you from acid and corrosion.
 w - the ring of Exhibitionism {rPois rF+ rN++ Int-5 Dex+6}
   (You bought it in a shop on level 14 of the Dungeon)

   [ring of dexterity]

   Int:       It affects your intelligence (-5).
   Dex:       It affects your dexterity (+6).
   rF:        It protects you from fire.
   rPois:     It protects you from poison.
   rN:        It greatly protects you from negative energy.
 z - the ring "Itozutui" {rElec EV+4}
   (You took it off a vault warden on level 5 of the Vaults)

   [ring of evasion]

   EV:        It affects your evasion (+4).
   rElec:     It insulates you from electricity.
 G - a ring of flight
 M - the amulet of Roomiuff (around neck) {Reflect Will+ Int+4 SH+5}
   (You took it off a yaktaur captain on level 5 of the Vaults)

   [amulet of reflection]

   It reflects blocked missile attacks.
   Int:       It affects your intelligence (+4).
   SH:        It affects your SH (+5).
   Will:      It increases your willpower.
Wands
 f - a wand of flame (81)
 u - a wand of digging (20)
 x - a wand of iceblast (39)
 E - a wand of acid (21)
Scrolls
 p - 8 scrolls of fog
 r - 7 scrolls of fear
 s - 2 scrolls of magic mapping
 A - 2 scrolls of holy word
 P - a scroll of summoning
 R - 11 scrolls of immolation
 S - 3 scrolls of brand weapon
 X - 2 scrolls of silence
Potions
 d - 11 potions of attraction
 g - 12 potions of ambrosia
 h - 2 potions of brilliance
 i - 7 potions of magic
 l - 3 potions of mutation
 n - 3 potions of curing
 B - 2 potions of heal wounds
 C - a potion of invisibility
 I - 5 potions of flight
 L - 2 potions of cancellation
 N - 6 potions of lignification
 W - 2 potions of resistance
 Y - a potion of might
Miscellaneous
 O - a condenser vane
 Q - a tin of tremorstones (2/2)
 V - a phantom mirror


   Skills:
 + Level 25.8 Fighting
 - Level 20.0 Polearms
 + Level 24.7 Crossbows
 + Level 19.6 Armour
 - Level 7.5 Dodging
 - Level 16.0 Shields
 - Level 10.0 Transmutations
 - Level 12.0 Earth Magic
 + Level 25.0 Invocations


You had 24 spell levels left.
You knew the following spells:

 Your Spells              Type           Power      Damage    Failure   Level
a - Passwall              Tmut/Erth      18%        N/A       9%          2

Your spell library contained the following spells:

 Spells                   Type           Power      Damage    Failure   Level
 Beastly Appendage        Tmut           40%        N/A       9%          1
 Wereblood                Tmut           20%        N/A       13%         2
 Petrify                  Tmut/Erth      22%        N/A       50%         4
 Sting                    Tmut/Pois      40%        1d5       54%         1
 Spider Form              Tmut/Pois      10%        N/A       89%         3
 Blade Hands              Tmut           10%        N/A       93%         5
 Animate Skeleton         Necr           0%         N/A       99%         1
 Apportation              Tloc           0%         N/A       99%         1
 Magic Dart               Conj           0%         1d3       99%         1
 Shock                    Conj/Air       0%         1d3       99%         1
 Slow                     Hex            0%         N/A       99%         1
 Summon Small Mammal      Summ           0%         N/A       99%         1
 Animate Armour           Summ/Erth      24%        N/A       99%         4
 Call Imp                 Summ           0%         N/A       100%        2
 Corpse Rot               Necr/Air       0%         N/A       100%        2
 Ensorcelled Hibernation  Hex/Ice        0%         N/A       100%        2
 Poisonous Vapours        Pois/Air       0%         N/A       100%        2
 Static Discharge         Conj/Air       0%         N/A       100%        2
 Sublimation of Blood     Necr           0%         N/A       100%        2
 Call Canine Familiar     Summ           0%         N/A       100%        3
 Confusing Touch          Hex            0%         N/A       100%        3
 Gell's Gravitas          Tloc           0%         N/A       100%        3
 Inner Flame              Hex/Fire       0%         N/A       100%        3
 Lesser Beckoning         Tloc           0%         N/A       100%        3
 Mephitic Cloud           Conj/Pois/Air  0%         N/A       100%        3
 Ozocubu's Armour         Ice            0%         N/A       100%        3
 Portal Projectile        Hex/Tloc       0%         N/A       100%        3
 Summon Guardian Golem    Hex/Summ       0%         N/A       100%        3
 Teleport Other           Tloc           0%         N/A       100%        3
 Vampiric Draining        Necr           0%         2d6       100%        3
 Airstrike                Air            0%         N/A       100%        4
 Anguish                  Hex/Necr       0%         N/A       100%        4
 Animate Dead             Necr           0%         N/A       100%        4
 Cause Fear               Hex            0%         N/A       100%        4
 Dispel Undead            Necr           0%         3d6       100%        4
 Hailstorm                Conj/Ice       0%         3d3       100%        4
 Ice Form                 Ice/Tmut       10%        N/A       100%        4
 Olgreb's Toxic Radiance  Pois           0%         N/A       100%        4
 Passage of Golubria      Tloc           0%         N/A       100%        4
 Sticky Flame             Conj/Fire      0%         2d3       100%        4
 Summon Ice Beast         Ice/Summ       0%         N/A       100%        4
 Summon Lightning Spire   Summ/Air       0%         N/A       100%        4
 Alistair's Intoxication  Tmut/Pois      6%         N/A       100%        5
 Excruciating Wounds      Necr           0%         N/A       100%        5
 Irradiate                Conj/Tmut      5%         3d15      100%        5
 Lightning Bolt           Conj/Air       0%         1d11      100%        5
 Manifold Assault         Tloc           0%         N/A       100%        5
 Metabolic Englaciation   Hex/Ice        0%         N/A       100%        5
 Silence                  Hex/Air        0%         N/A       100%        5
 Conjure Ball Lightning   Conj/Air       0%         3x3d6     100%        6
 Death Channel            Necr           0%         N/A       100%        6
 Dispersal                Tloc           0%         N/A       100%        6
 Eringya's Noxious Bog    Tmut/Pois      5%         N/A       100%        6
 Starburst                Conj/Fire      0%         6d3       100%        6
 Statue Form              Tmut/Erth      14%        N/A       100%        6
 Dragon Form              Tmut           10%        N/A       100%        7
 Haunt                    Necr/Summ      0%         N/A       100%        7
 Orb of Destruction       Conj           0%         9d5       100%        7
 Ozocubu's Refrigeration  Ice            0%         4d5       100%        7
 Spellforged Servitor     Conj/Summ      0%         N/A       100%        7
 Storm Form               Tmut/Air       5%         N/A       100%        7
 Summon Hydra             Summ           0%         N/A       100%        7
 Borgnjor's Revivificati  Necr           0%         N/A       100%        8
 Discord                  Hex            0%         N/A       100%        8
 Disjunction              Tloc           0%         N/A       100%        8
 Ignition                 Fire           0%         3d3       100%        8
 Infestation              Necr           0%         N/A       100%        8
 Lehudib's Crystal Spear  Conj/Erth      6%         10d3      100%        8
 Maxwell's Capacitive Co  Air            0%         ∞         100%        8
 Necromutation            Tmut/Necr      5%         N/A       100%        8
 Death's Door             Necr           0%         N/A       100%        9
 Dragon's Call            Summ           0%         N/A       100%        9
 Fire Storm               Conj/Fire      0%         5d1       100%        9
 Blink                    Tloc           Unusable   N/A       N/A         2
 Swiftness                Air            Unusable   N/A       N/A         3

Dungeon Overview and Level Annotations

Branches:
Dungeon (15/15)            Temple (1/1) D:4            Lair (6/6) D:11
 Shoals (4/4) Lair:4        Snake (4/4) Lair:2        Slime (0/5) Lair:5
    Orc (2/2) D:11            Elf (3/3) Orc:2        Vaults (5/5) D:14
  Crypt (0/3) Vaults:2     Depths (4/4) D:15            Zot (5/5) Depths:4
  IceCv (visited)

Altars:
Ashenzari
Cheibriados
Dithmenos
Elyvilon
Fedhas
Gozag
Hepliaklqana
Kikubaaqudgha
Makhleb
Nemelex Xobeh
Okawaru
Qazlal
Ru
Sif Muna
Trog
Uskayaw
Vehumet
Wu Jian
Xom
Yredelemnul
Zin
The Shining One
Jiyva
Lugonu

Shops:
D:12 [((   D:14 =   Orc:1 :   Orc:2 =[:(***   Elf:1 [(   Elf:2 (:   Snake:1 :
Snake:3 =   Depths:2 =:=

Portals:
Hell: Depths:1 Depths:2 Depths:3 Depths:4
Abyss: Lair:6 Depths:3 Depths:4
Pandemonium: Depths:1 Depths:2 Depths:3 Depths:4
Ziggurat: Depths:3

Annotations:
D:5 3 runed translucent doors, exclusion: 3 doors, Jano's ghost, novice OpFE
D:10 exclusion: downstairs
D:12 exclusion: downstairs
D:14 exclusion: downstairs
Lair:1 exclusion: downstairs
Lair:3 exclusion: downstairs
Lair:4 exclusion: 3 downstairs
Lair:6 2 exclusions
Shoals:3 3 runed translucent doors, exclusions: 3 doors and downstairs, Nieh's ghost, adept HOMo
Snake:1 exclusion: 2 downstairs
Orc:2 3 runed translucent doors, exclusions: 3 doors and obsidian statue, Cheeritup's ghost, journeyman GrFi
Elf:3 1 exclusion
Vaults:1 2 transporters, 1 runed translucent door, exclusion: downstairs, nogo's ghost, adept FoFi
Vaults:2 exclusion: 2 downstairs
Vaults:3 exclusion: downstairs
Depths:1 2 transporters, exclusions: 2 downstairs and orange crystal statue, Stonecrops's ghost, legendary GrGl; fritzmikael's ghost, adept GnWz
Depths:2 exclusion: 4 downstairs
Depths:3 3 runed translucent doors, exclusions: 3 doors and 2 downstairs, Ceefagg's ghost, adept MiGl
Zot:1 2 transporters, exclusion: downstairs, Iryommi's ghost, legendary KoDe
Zot:4 exclusion: downstairs
Zot:5 3 exclusions


Innate Abilities, Weirdness & Mutations

You cannot be hasted, slowed, berserked, paralysed or teleported.
You can dig through walls and to a lower floor.
You have a pair of large antennae on your head. (SInv)
Your four strong arms can wield two-handed weapons with a shield.
You are partially covered in large bone plates. (SH +4)
You are clumsy. (Dex -2)
Your body often deteriorates upon taking damage.
Your flesh is heat resistant. (rF+)
Your system is resistant to poisons. (rPois)
You sometimes lose the ability to read scrolls when taking damage.
You passively dampen the noise of your surroundings.


Message History

The Executioner hits you.
The Executioner hits you but does no damage.
There is an open door here.
You enter the shallow water.
Moving in this stuff is going to be slow.
You block the Executioner's attack. The Executioner closely misses you.
You block the Executioner's attack.
The Executioner hits you but does no damage.
You block the Executioner's attack.
The Executioner hits you but does no damage. x3
The Executioner closely misses you.
The Executioner hits you but does no damage.
The Executioner closely misses you. You block the Executioner's attack.
You block the Executioner's attack. x2
The Executioner hits you but does no damage.
You block the Executioner's attack. The Executioner hits you.
The Executioner hits you but does no damage.
There is a staircase leading out of the dungeon here.
You hit the Executioner.
The Executioner is lightly wounded.
Your +4 glaive of the Pharaoh's Fist {spect, rN+ Str+4 Dex+7} hits the Executioner!
You block the Executioner's attack.
The Executioner hits you but does no damage. x2
You block the Executioner's attack. The Executioner hits you.
You block the Executioner's attack.
You slice the Executioner!!
The Executioner is severely wounded.
Your +4 glaive of the Pharaoh's Fist {spect, rN+ Str+4 Dex+7} hits the Executioner!
The Executioner closely misses you. You block the Executioner's attack.
The Executioner closely misses you. You block the Executioner's attack.
The Executioner hits you but does no damage. x2
You block the Executioner's attack. x3
You slash the Executioner!
You kill the Executioner!
Fedhas accepts your kill.
Saving game... please wait.
Welcome back, AarnesTheHuman the Formicid Fighter.
Fedhas says: Spread life and death.
Press ? for a list of commands and other information.
You have escaped!

#.#...#.#
#.....# #.#
#.#1###.#
##....#######.#
#.#.#...#
#............#
#.###.####
#............#
#........#
#............#
########.#
#####........#
####'####
#........#
#≈≈≈≈≈≈≈#
#........#
#≈#≈@≈#≈#
##.#####.#
#≈###≈#≈# #.#
#.#
##≈≈≈≈≈≈#####.##
#..
#≈#######......#
#.#
##≈≈≈#..'.####.#
#.# #≈##≈##.###
#.# #.#
#.##....# #.#
#.# #'#######
#.# #.# #.# #.##
#.#


There were no monsters in sight!

Vanquished Creatures
  5 dread liches
  4 ancient liches
  6 orbs of fire (Zot:5)
  Mara (Vaults:2)
  A juggernaut (Depths:3)
  Boris (twice) (Vaults:2 Vaults:5)
  5 Killer Klowns
  8 caustic shrikes
  Saint Roka (Snake:1)
  Vashnia (Snake:2)
  3 curse toes (Zot:4)
  11 golden dragons
  the Enchantress (Depths:2)
  A hellephant (Depths:4)
  2 electric golems
  21 tentacled monstrosities
  An Ice Fiend (Depths:2)
  Jorgrun (D:14)
  A walking crystal tome (Depths:3)
  Rupert (D:14)
  22 Orb Guardians (Zot:5)
  6 liches
  2 deep elf blademasters
  A walking divine tome (Depths:3)
  2 deep elf master archers (Elf:3)
  7 quicksilver dragons
  4 sphinxes
  10 titans (Vaults:5)
  2 krakens
  12 shadow dragons
  Kirke (D:13)
  7 death cobs
  2 Executioners
  Agnes (D:14)
  11 storm dragons
  4 tengu reavers
  4 draconian monks
  8 fire giants
  4 draconian knights
  11 nagarajas
  2 narguns (Depths:2)
  3 orc warlords
  17 vault wardens
  2 iron dragons (Vaults:5)
  A balrug (Depths:2)
  12 frost giants
  6 draconian scorchers
  7 deep elf sorcerers
  6 ghost moths
  6 draconian shifters
  18 ironbound preservers
  A cacodemon (Depths:3)
  Aizul (Snake:2)
  7 draconian stormcallers
  A curse skull (Vaults:2)
  10 spriggan defenders
  4 deep elf elementalists
  2 war gargoyles (Vaults:4)
  8 draconian annihilators
  3 ironbound thunderhulks
  2 stone giants (shapeshifter)
  10 very ugly things
  14 stone giants
  7 green draconians
  A lorocyproca (D:8)
  12 black draconians
  6 dire elephants
  6 deep elf demonologists
  2 entropy weavers
  7 deep elf annihilators
  8 yellow draconians
  11 red draconians
  5 white draconians
  17 purple draconians
  Snorg (D:11)
  6 merfolk javelineers
  8 deep elf death magi
  9 ettins
  A crystal guardian (Vaults:4)
  11 spark wasps
  3 blizzard demons
  8 merfolk impalers
  16 yaktaur captains
  5 deep elf high priests
  6 fire dragons
  17 naga warriors
  8 great orbs of eyes
  9 boulder beetles
  6 rakshasas
  Erolcha (Orc:2)
  8 ice dragons
  2 peacekeepers (Vaults:4)
  13 hydras
  6 ogre magi
  10 spriggan air magi
  2 caustic shrike simulacra (Depths:2)
  36 vault guards
  4 alligator snapping turtles
  A merfolk aquamancer (Shoals:4)
  2 hell beasts
  4 merfolk avatars
  2 salamander tyrants
  23 centaur warriors
  15 ironbound frosthearts
  9 anacondas
  2 satyrs
  13 two-headed ogres
  24 dancing weapons
  Urug (Lair:6)
  2 vampire magi
  5 death yaks (IceCv)
  8 deep troll earth magi
  7 deep troll shamans
  7 tengu warriors
  2 thrashing horrors (Lair:6)
  5 orc high priests
  20 naga sharpshooters
  10 shock serpents
  12 hell knights
  9 spriggan berserkers
  21 deep elf knights
  2 sun demons
  2 salamander mystics
  12 iron trolls
  63 deep trolls
  5 skeletal warriors (D:15)
  16 sea snakes
  A steelbarb worm (shapeshifter) (Vaults:5)
  2 glowing orange brains
  15 ironbound convokers
  13 lindwurms
  9 naga ritualists
  11 deep elf archers
  Pikel (D:4)
  35 deep elf zephyrmancers
  3 orange crystal statues
  A tengu zombie (Depths:1)
  2 flayed ghosts (Depths:3)
  A tengu skeleton (Vaults:3)
  10 necromancers
  8 wizards
  20 harpies
  4 phantasmal warriors
  A harpy (shapeshifter) (D:8)
  9 mana vipers
  13 orc knights
  A shadow dragon skeleton (Depths:1)
  18 deep elf pyromancers
  A sphinx zombie (Vaults:3)
  A faun (shapeshifter) (Depths:1)
  A fire giant zombie (Vaults:3)
  7 orc sorcerers
  15 manticores
  27 ugly things
  A manticore (shapeshifter) (Vaults:3)
  6 cyclopes
  11 fauns
  11 salamanders
  A stone giant zombie (Depths:1)
  6 merfolk sirens
  25 moths of wrath
  11 guardian serpents
  A stone giant skeleton (Depths:1)
  22 elephants
  40 black mambas
  7 water nymphs
  19 vault sentinels
  13 naga magi
  An ice statue (IceCv)
  An orange demon (Depths:3)
  A torpor snail (shapeshifter) (Vaults:5)
  2 gargoyles (D:8)
  A hellion (Zot:5)
  4 smoke demons
  2 human zombies (Vaults:3)
  8 komodo dragons
  2 torpor snails
  14 cane toads
  2 rime drakes
  2 efreet (D:15)
  2 unseen horrors (D:12)
  2 freezing wraiths (Depths:2)
  4 ancient zymes (Lair:6)
  2 kobold demonologists
  4 tengu conjurers
  28 yaktaurs
  Maggie (D:8)
  3 golden dragon simulacra (Depths:2)
  3 ice devils
  36 merfolk
  11 polar bears
  A queen bee (D:12)
  A yaktaur skeleton (Vaults:3)
  8 trolls
  A wolf spider simulacrum (D:15)
  6 meliai
  6 large abominations
  17 blink frogs
  24 slime creatures
  18 hornets
  4 wind drakes
  A dream sheep (shapeshifter) (D:14)
  A stone giant simulacrum (Vaults:3)
  9 snapping turtles
  6 dream sheep (Lair:5)
  A human simulacrum (Vaults:3)
  A frost giant simulacrum (Depths:1)
  4 flying skulls (D:9)
  An air elemental (Elf:2)
  2 culicivoras (Vaults:1)
  3 shadows (D:9)
  9 wyverns
  6 wraiths
  12 water elementals
  54 yaks
  2 ynoxinuls (Depths:4)
  A fire bat (shapeshifter) (Vaults:5)
  Sigmund (D:3)
  6 chaos spawn
  5 fire elementals
  2 hogs (D:13)
  23 spriggans
  An ettin skeleton (Depths:1)
  10 basilisks
  3 redbacks
  A neqoxec (Depths:4)
  Menkaure (D:4)
  3 wargs
  3 spriggan simulacra
  35 nagas
  An acid dragon (D:10)
  2 floating eyes
  15 water moccasins
  46 orc warriors
  9 small abominations (Lair:6)
  A human skeleton (Depths:1)
  An ettin simulacrum (Depths:2)
  2 ice beasts
  2 necrophages
  A boggart (Vaults:1)
  11 ogres
  32 wolves
  2 centaurs
  4 lemures
  A kobold brigand (D:11)
  7 bullfrogs
  2 earth elementals (Elf:2)
  4 gnoll sergeants
  2 wyvern zombies
  A glowing shapeshifter simulacrum (Vaults:3)
  2 scorpions
  A water moccasin skeleton (D:5)
  24 killer bees
  10 wights
  6 electric eels
  8 howler monkeys
  4 lava snakes (D:9)
  11 centaur zombies
  5 jellies
  20 orc priests
  12 hounds
  2 gnoll shamans
  8 centaur skeletons
  3 iguanas
  24 orc wizards
  Robin (D:2)
  6 howler monkey zombies
  17 gnolls
  A howler monkey skeleton (D:9)
  2 adders
  A shadow imp (D:7)
  3 white imps (Lair:4)
  2 ufetubi (D:5)
  An adder skeleton (D:4)
  2 worms
  3 dart slugs
  82 orcs
  6 ball pythons
  17 endoplasms
  4 giant cockroaches
  13 goblins
  11 hobgoblins
  2 jackals (D:2)
  13 kobolds
  3 quokkas
  4 bats
  4 frilled lizards
  5 rats
  A spectral kobold (D:15)
  2 ballistomycete spores (D:8)
  7 tentacles
2255 creatures vanquished.

Vanquished Creatures (collateral kills)
  A pandemonium lord (Zot:5)
  Nikola (Elf:1)
  An electric golem (Zot:5)
  3 Orb Guardians (Zot:5)
  A tengu reaver (Depths:1)
  A nagaraja (Snake:4)
  A slime creature (Vaults:1)
  2 vault wardens
  A deep elf sorcerer (Vaults:1)
  An ironbound thunderhulk (Vaults:4)
  A deep elf demonologist (Vaults:1)
  A purple draconian (Zot:5)
  A yellow draconian (Zot:5)
  A naga warrior (Snake:4)
  An ogre mage (Vaults:1)
  3 naga sharpshooters (Snake:4)
  A thrashing horror (Lair:6)
  A glowing orange brain (Vaults:1)
  An ironbound convoker (Vaults:1)
  A wizard (Vaults:1)
  3 harpies (Shoals:1)
  A salamander (Snake:4)
  A water nymph (Shoals:4)
  A naga mage (Snake:4)
  3 guardian serpents (Snake:4)
  An ice devil (Zot:5)
  A merfolk (Shoals:2)
  A wind drake (Shoals:4)
  A hornet (Depths:1)
  2 water elementals
  A small abomination (Zot:5)
  10 ballistomycete spores
51 creatures vanquished.

Vanquished Creatures (others)
  A red draconian (Zot:4)
  A deep elf knight (Elf:2)
  2 snapping turtles (Shoals:4)
  A human (D:13)
  An earth elemental (Elf:1)
  A ballistomycete spore (D:8)
  28 fungi
  205 plants
  49 tentacles
  8 toadstools (D:3)
297 creatures vanquished.

Grand Total: 2603 creatures vanquished

Notes
Turn   | Place    | Note
-------+----------+-------------------------------------------
     0 | D:1      | AarnesTheHuman the Formicid Fighter began the quest for the
                  | Orb.
     0 | D:1      | Reached XP level 1. HP: 18/18 MP: 1/1
   158 | D:1      | Reached XP level 2. HP: 24/24 MP: 2/2
   540 | D:1      | Reached XP level 3. HP: 25/29 MP: 3/3
   749 | D:2      | Identified the +0 helmet of Generosity {rN+}
   749 | D:2      | Noticed Robin
   976 | D:2      | Killed Robin
   977 | D:2      | Reached XP level 4. HP: 29/37 MP: 4/4
  2004 | D:3      | Noticed an ogre
  2228 | D:3      | Identified 3 scrolls of acquirement
  2228 | D:3      | Acquired the +2 shield of Resistance {rF++ rC++ Will++}
  2228 | D:3      | Found the +2 shield of Resistance {rF++ rC++ Will++}
  2248 | D:3      | Acquired 1106 gold pieces
  2250 | D:3      | Acquired a +6 hand crossbow of flaming
  2401 | D:3      | Reached XP level 5. HP: 32/42 MP: 5/5
  2423 | D:3      | Reached skill level 5 in Shields
  2813 | D:3      | Noticed Sigmund
  2830 | D:3      | Killed Sigmund
  2831 | D:3      | Reached skill level 5 in Polearms
  2831 | D:3      | Reached XP level 6. HP: 39/48 MP: 6/6
  2926 | D:3      | Found a snail-covered altar of Cheibriados.
  3587 | D:4      | Noticed Menkaure
  4009 | D:3      | Killed an ogre
  4010 | D:3      | Reached XP level 7. HP: 54/54 MP: 7/7
  4350 | D:3      | Found a snail-covered altar of Cheibriados.
  4947 | D:3      | Found a snail-covered altar of Cheibriados.
  5426 | D:4      | Noticed Pikel
  5861 | D:4      | Killed Menkaure
  6396 | D:4      | Killed Pikel
  6397 | D:4      | Reached XP level 8. HP: 55/60 MP: 8/8
  6448 | D:4      | Found a staircase to the Ecumenical Temple.
  6458 | Temple   | Entered the Ecumenical Temple
  6684 | Temple   | Became a worshipper of Fedhas Madash
  7007 | D:4      | Identified the ring of the Queen {rCorr Int+5}
  7309 | D:5      | Entered Level 5 of the Dungeon
  7309 | D:5      | Found a runed translucent gate.
  7311 | D:5      | Found a runed translucent gate.
  7312 | D:5      | Found a runed translucent gate.
  7384 | D:5      | Noticed Jano's ghost (novice OpFE)
  7801 | D:5      | Reached skill level 1 in Crossbows
  7801 | D:5      | Reached skill level 1 in Invocations
  7805 | D:5      | Reached * piety under Fedhas
  7806 | D:5      | Reached XP level 9. HP: 58/66 MP: 8/10
  7936 | D:5      | Reached skill level 5 in Fighting
  7958 | D:5      | Reached skill level 5 in Armour
  8910 | D:6      | Identified the +3 leather armour "Ihu Leaxawk" {Will++
                  | Str+4}
  8949 | D:6      | Reached ** piety under Fedhas
  9657 | D:7      | Noticed a troll
  9912 | D:7      | Killed a troll
 10047 | D:7      | Reached XP level 10. HP: 58/76 MP: 13/13
 10326 | D:6      | Reached skill level 5 in Crossbows
 11885 | D:8      | Reached skill level 5 in Invocations
 11886 | D:8      | Noticed a cyclops
 11936 | D:8      | Reached *** piety under Fedhas
 12373 | D:8      | Killed a cyclops
 12568 | D:8      | Noticed a harpy
 12568 | D:8      | Noticed a centaur warrior
 12568 | D:8      | Noticed a kobold demonologist
 12578 | D:8      | Killed a harpy
 12579 | D:8      | Noticed a gargoyle
 12585 | D:8      | Killed a centaur warrior
 12590 | D:8      | Killed a gargoyle
 12591 | D:8      | Reached XP level 11. HP: 17/84 MP: 13/15
 13156 | D:8      | Noticed a two-headed ogre
 13264 | D:8      | Noticed a centaur warrior
 14290 | D:8      | Noticed Maggie
 14297 | D:8      | Killed Maggie
 14832 | D:8      | Noticed a two-headed ogre
 14837 | D:8      | Killed a two-headed ogre
 15084 | D:8      | Killed a centaur warrior
 15085 | D:8      | Reached skill level 10 in Crossbows
 15375 | D:8      | Noticed a manticore
 15387 | D:8      | Killed a manticore
 15500 | D:8      | Noticed a cyclops
 15602 | D:8      | Killed a cyclops
 16311 | D:8      | Killed a two-headed ogre
 17864 | D:9      | Noticed a necromancer
 18094 | D:9      | Upgraded the game from 0.28-a0-1504-g839a4452db to
                  | 0.28-a0-1506-g3893175d92
 18242 | D:9      | Noticed an orange crystal statue
 18289 | D:9      | Noticed a skeletal warrior
 19606 | D:9      | Reached XP level 12. HP: 76/86 MP: 18/18
 20124 | D:9      | Reached **** piety under Fedhas
 21008 | D:10     | Entered Level 10 of the Dungeon
 21199 | D:10     | Noticed a two-headed ogre
 21207 | D:10     | Killed a two-headed ogre
 22048 | D:11     | Noticed a sun demon
 22198 | D:11     | Reached ***** piety under Fedhas
 22359 | D:11     | Noticed Snorg
 22420 | D:11     | Found a staircase to the Lair.
 22438 | D:11     | Noticed a two-headed ogre
 22461 | D:11     | Killed a two-headed ogre
 22462 | D:11     | Reached skill level 10 in Polearms
 22599 | D:11     | Noticed a two-headed ogre
 22613 | D:10     | Killed a two-headed ogre
 22716 | D:11     | Killed Snorg
 22717 | D:11     | Reached XP level 13. HP: 101/101 MP: 19/19
 22778 | D:11     | Found a staircase to the Orcish Mines.
 23770 | Lair:1   | Entered Level 1 of the Lair of Beasts
 23770 | Lair:1   | Noticed a six-headed hydra
 23781 | D:11     | Killed a six-headed hydra
 23873 | D:11     | Reached skill level 10 in Shields
 24974 | Lair:2   | Noticed a seven-headed hydra
 25108 | Lair:2   | Found a frozen archway.
 25156 | IceCv    | Entered an ice cave
 25969 | IceCv    | Reached skill level 10 in Fighting
 26254 | IceCv    | Reached XP level 14. HP: 105/110 MP: 21/21
 26275 | IceCv    | Noticed a frost giant
 26291 | IceCv    | Reached ****** piety under Fedhas
 26308 | IceCv    | Killed a frost giant
 26882 | Lair:2   | You fall into a shaft and drop 2 floors!
 27326 | Lair:2   | Found a staircase to the Snake Pit.
 27335 | Lair:2   | Reached skill level 1 in Dodging
 28703 | Lair:3   | Reached skill level 10 in Invocations
 29620 | Lair:4   | Found a staircase to the Shoals.
 30710 | Lair:5   | Found a viscous altar of Jiyva.
 30710 | Lair:5   | Found a staircase to the Slime Pits.
 30938 | Lair:5   | Reached XP level 15. HP: 108/108 MP: 23/23
 32030 | Lair:6   | Entered Level 6 of the Lair of Beasts
 32138 | Lair:6   | Reached skill level 10 in Armour
 33153 | Lair:6   | Noticed Urug
 33164 | Lair:6   | Killed Urug
 35088 | Lair:6   | Found a corrupted altar of Lugonu.
 35088 | Lair:6   | Found a one-way gate to the infinite horrors of the Abyss.
 35324 | Orc:1    | Entered Level 1 of the Orcish Mines
 35330 | Orc:1    | Found Vestranny's Self-Improvement Boutique.
 35494 | Orc:1    | Noticed an orc warlord
 35614 | Orc:1    | Killed an orc warlord
 36206 | Orc:2    | Entered Level 2 of the Orcish Mines
 36206 | Orc:2    | Noticed Erolcha
 36216 | Orc:2    | Killed Erolcha
 36401 | Orc:2    | Reached skill level 15 in Polearms
 36438 | Orc:2    | Found Paid's Assorted Antiques.
 36447 | Orc:2    | Bought 2 potions of heal wounds for 390 gold pieces
 36794 | Orc:1    | Reached XP level 16. HP: 119/130 MP: 25/25
 37383 | Orc:2    | Found a runed translucent gate.
 37383 | Orc:2    | Found a runed translucent gate.
 37383 | Orc:2    | Found a runed translucent gate.
 37384 | Orc:2    | Found an opulent altar of Gozag.
 37384 | Orc:2    | Found Inlaulin's Assorted Antiques.
 37384 | Orc:2    | Noticed Cheeritup's ghost (journeyman GrFi)
 37454 | Orc:2    | Found a staircase to the Elven Halls.
 37473 | Orc:2    | Found Udugats's Jewellery Emporium.
 37936 | Orc:2    | Found Ipehuj's General Store.
 37936 | Orc:2    | Found Yveyr's Weapon Boutique.
 37937 | Orc:2    | Found Woxukusu's Armour Emporium.
 37943 | Orc:2    | Found Tymmid's Book Emporium.
 38157 | Orc:1    | Bought a manual of Crossbows for 1120 gold pieces
 38236 | Orc:2    | Bought a scroll of fog for 20 gold pieces
 38369 | D:12     | Found Nig Oro's Armour Shop.
 38759 | D:12     | Found Olybehuph's Antique Weapon Emporium.
 38864 | D:12     | Found Rajasap's Weapon Shop.
 39352 | D:13     | Noticed Kirke
 39367 | D:13     | Killed Kirke
 41014 | D:14     | Found a gate to the Vaults.
 41072 | D:14     | Noticed Agnes
 41087 | D:14     | Killed Agnes
 41497 | D:14     | Noticed Jorgrun
 41512 | D:14     | Killed Jorgrun
 41690 | D:14     | Found Qeoroong's Jewellery Shop.
 41744 | D:14     | Noticed Rupert
 41754 | D:14     | Killed Rupert
 41916 | D:15     | Entered Level 15 of the Dungeon
 41991 | D:14     | Reached XP level 17. HP: 118/138 MP: 26/26
 43283 | D:15     | Found a staircase to the Depths.
 43489 | D:15     | Found a portal to a secret trove of treasure.
 43559 | D:15     | Found a hazy altar of Hepliaklqana.
 43806 | D:15     | Upgraded the game from 0.28-a0-1506-g3893175d92 to
                  | 0.28-a0-1545-g945cd3f27e
 43984 | Shoals:1 | Entered Level 1 of the Shoals
 44320 | Shoals:1 | Reached skill level 15 in Crossbows
 44489 | Shoals:1 | Reached skill level 15 in Fighting
 45243 | Shoals:2 | You fall into a shaft and drop 1 floor!
 45748 | Shoals:3 | Found a runed translucent gate.
 45748 | Shoals:3 | Found a runed translucent gate.
 45751 | Shoals:3 | Found a runed translucent gate.
 45753 | Shoals:3 | Noticed Nieh's ghost (adept HOMo)
 46645 | Shoals:2 | Reached XP level 18. HP: 117/149 MP: 28/28
 48575 | Shoals:4 | Entered Level 4 of the Shoals
 49018 | Shoals:4 | Noticed a kraken
 49926 | Shoals:2 | Noticed a kraken
 49953 | Shoals:2 | Killed a kraken
 50293 | Shoals:4 | Got Tawnuc's Volume of Torrid Contamination
 50418 | Shoals:4 | Got a barnacled rune of Zot
 51662 | Shoals:4 | Killed a kraken
 51842 | Shoals:4 | Noticed a kraken
 52441 | D:14     | Bought the ring of Exhibitionism {rPois rF+ rN++ Int-5
                  | Dex+6} for 997 gold pieces
 52577 | Snake:1  | Entered Level 1 of the Snake Pit
 53053 | Snake:1  | Reached XP level 19. HP: 137/154 MP: 30/30
 53070 | Snake:1  | Reached skill level 15 in Invocations
 53503 | Snake:1  | Found Gimyam's Book Boutique.
 53796 | Snake:2  | Noticed Vashnia
 53906 | Snake:2  | Killed Vashnia
 54187 | Snake:2  | Noticed Saint Roka
 54516 | Snake:1  | Killed Saint Roka
 54517 | Snake:1  | Reached skill level 5 in Dodging
 55155 | Snake:2  | Noticed Aizul
 55173 | Snake:2  | Killed Aizul
 55635 | Snake:3  | Found Qupits's Jewellery Boutique.
 55875 | Snake:3  | Reached skill level 15 in Shields
 56097 | D:14     | Bought an amulet of reflection for 390 gold pieces
 56694 | Snake:3  | Identified the +3 great sword "Elereh" {vorpal, Will+ SInv}
 56826 | Snake:3  | Found a sacrificial altar of Ru.
 57848 | Snake:4  | Entered Level 4 of the Snake Pit
 58323 | Snake:3  | Reached XP level 20. HP: 78/165 MP: 32/32
 61513 | Snake:4  | Got a serpentine rune of Zot
 62146 | Vaults:1 | Entered Level 1 of the Vaults
 63590 | Vaults:1 | Reached XP level 21. HP: 138/177 MP: 33/33
 64477 | Vaults:1 | Found a transporter.
 64480 | Vaults:1 | Found a shimmering blue altar of Sif Muna.
 64693 | Vaults:1 | Found a runed translucent door.
 64693 | Vaults:1 | Found a shimmering altar of Xom.
 64693 | Vaults:1 | Noticed nogo's ghost (adept FoFi)
 64693 | Vaults:1 | Identified the +4 war axe of Joyful Slaughter {chaos, rF++
                  | Dex+2 Stlth-}
 65291 | Vaults:1 | Found a transporter.
 65307 | Vaults:1 | Identified the ring of Ziw Tibb {Int-2 Dex+7 Slay+4}
 67081 | Vaults:2 | Noticed Mara
 67129 | Vaults:2 | Upgraded the game from 0.28-a0-1545-g945cd3f27e to
                  | 0.28-a0-1560-g060a6a1bfc
 67233 | Vaults:2 | Noticed AarnesTheHuman's illusion
 67298 | Vaults:2 | Killed Mara
 67536 | Vaults:2 | Found a staircase to the Crypt.
 67628 | Vaults:2 | Noticed Boris
 67650 | Vaults:2 | Killed Boris
 69039 | Vaults:2 | Reached XP level 22. HP: 166/184 MP: 35/35
 69680 | Vaults:3 | Identified the +3 morningstar "Utry" {vorpal, rF++ Dex+4}
 74507 | Vaults:4 | Reached XP level 23. HP: 197/197 MP: 37/37
 76388 | Vaults:4 | Gained mutation: Your system is resistant to poisons.
                  | (rPois) [potion of mutation]
 76388 | Vaults:4 | Gained mutation: Your body sometimes deteriorates upon
                  | taking damage. [potion of mutation]
 76388 | Vaults:4 | Gained mutation: You are partially covered in large bone
                  | plates. (SH +4) [potion of mutation]
 76678 | Elf:1    | Entered Level 1 of the Elven Halls
 76748 | Orc:2    | Reached skill level 15 in Armour
 77052 | Elf:1    | Found Riocry's Armour Boutique.
 77078 | Elf:1    | Found a flickering gateway to a bazaar.
 77092 | Bazaar   | Entered a bazaar
 77104 | Bazaar   | Found Ofacsopt's Jewellery Shop.
 77104 | Bazaar   | Found Woqyosie's Book Boutique.
 77927 | Elf:1    | Got the Catalogue of Confrontation
 77956 | Elf:1    | Found Qistecub's Weapon Shoppe.
 78188 | Elf:1    | Noticed Nikola
 78235 | Elf:1    | Killed Nikola
 78957 | Elf:2    | Found Cauddum's Weapon Shoppe.
 78962 | Elf:2    | Found Tuseul's Book Emporium.
 79425 | Elf:2    | Found a huge runed translucent gate.
 79425 | Elf:2    | Found a huge runed translucent gate.
 79438 | Elf:2    | Found a huge runed translucent gate.
 79453 | Elf:2    | Found a huge runed translucent gate.
 79453 | Elf:2    | Found a huge runed translucent gate.
 80534 | Elf:3    | Entered Level 3 of the Elven Halls
 80654 | Elf:2    | Reached XP level 24. HP: 193/210 MP: 37/37
 80994 | Elf:3    | Identified the +9 long sword "Worm" {flame, Stlth+}
 82111 | Elf:3    | Identified the +4 glaive of the Pharaoh's Fist {spect, rN+
                  | Str+4 Dex+7}
 82376 | Elf:3    | Identified the ring of Nunil {rC+ Int+2 Dex+4 Stlth+}
 82824 | Elf:3    | Got Keujen's Disquisition on the Snowflakes and
                  | Displacement
 82832 | Elf:3    | Identified the +7 scythe "Bonaop" {freeze, rF+ rCorr}
 82836 | Elf:3    | Identified the +7 triple crossbow of Cucit {penet, rN+}
 82988 | Elf:3    | Got Fugeros's Almanac of Damage Dealing
 83167 | Elf:3    | Found the +1 robe of Vines {NoPotionHeal Regen++++}
 83794 | Depths:1 | Entered Level 1 of the Depths
 84168 | Depths:1 | Noticed Stonecrops's ghost (legendary GrGl)
 84169 | Depths:1 | Noticed a juggernaut
 84169 | Depths:1 | Noticed fritzmikael's ghost (adept GnWz)
 84187 | Depths:1 | Found a transporter.
 84193 | Depths:1 | Found a transporter.
 84207 | Depths:1 | Found a gateway to Hell.
 84430 | Depths:1 | Found a one-way gate leading to the halls of Pandemonium.
 85862 | Depths:1 | Reached XP level 25. HP: 219/219 MP: 38/38
 85907 | Depths:1 | Noticed a caustic shrike
 85909 | Depths:1 | Noticed a caustic shrike
 85914 | Depths:1 | Noticed a caustic shrike
 85916 | Depths:1 | Killed a caustic shrike
 85934 | Depths:1 | Killed a caustic shrike
 85936 | Depths:1 | Noticed a caustic shrike
 85952 | Depths:1 | Killed a caustic shrike
 85955 | Depths:1 | HP: 6/219 [tengu reaver/bolt of acid (26)]
 85970 | Depths:1 | Killed a caustic shrike
 86860 | Depths:1 | Got the Collected Works on Calling
 87876 | Depths:2 | Found Umoirrog's Jewellery Shoppe.
 87876 | Depths:2 | Found Zoac's Book Boutique.
 87878 | Depths:2 | Found Miyreat's Jewellery Shoppe.
 87896 | Depths:2 | Bought the amulet "Ucaafesi" {Reflect Str+3 SH+5} for 606
                  | gold pieces
 87930 | Depths:2 | Bought the ring of Scepticism {rElec rF+ rN+ Str-5 Dex+6}
                  | for 1024 gold pieces
 88055 | Depths:2 | Identified the +4 mace "Yddyum" {drain, rC+ rCorr Stlth+}
 88255 | Depths:2 | Identified the +8 plate armour of Ixyirpheh {Will+}
 88520 | Depths:3 | Found a one-way gateway to a ziggurat.
 88890 | Depths:3 | Noticed a caustic shrike
 88907 | Depths:2 | Killed a caustic shrike
 88938 | Depths:3 | Noticed the Enchantress
 89070 | Depths:2 | Killed the Enchantress
 89638 | Depths:3 | Found a runed translucent gate.
 89638 | Depths:3 | Found a runed translucent gate.
 89638 | Depths:3 | Found a viscous altar of Jiyva.
 89638 | Depths:3 | Found a runed translucent gate.
 89638 | Depths:3 | Noticed Ceefagg's ghost (adept MiGl)
 90763 | Depths:3 | Reached XP level 26. HP: 228/228 MP: 38/38
 90886 | Depths:3 | Identified the ring "Hawaagunk" {rPois rC+ rCorr Str+4}
 91319 | Depths:4 | Entered Level 4 of the Depths
 91330 | Depths:4 | Found a bloodstained altar of Trog.
 91513 | Depths:4 | Noticed a juggernaut
 91654 | Depths:3 | Killed a juggernaut
 93344 | Depths:4 | Found a gate to the Realm of Zot.
 93747 | Vaults:5 | Entered Level 5 of the Vaults
 94687 | Vaults:5 | Noticed Boris
 94696 | Vaults:5 | Killed Boris
 95876 | Vaults:5 | Identified the +4 trident "Puefyox" {vorpal, Dex+3}
 96433 | Vaults:5 | Reached XP level 27. HP: 236/236 MP: 38/38
 96461 | Vaults:5 | Identified the +8 hand crossbow "Joclycez" {elec, rPois rC+
                  | Str-4 Int+2}
 96469 | Vaults:5 | Identified the +8 chain mail of Existentialism {rPois rF+
                  | Dex+4}
 96473 | Vaults:5 | Learned a level 2 spell: Passwall
 96484 | Vaults:5 | Reached skill level 1 in Transmutations
 96484 | Vaults:5 | Reached skill level 1 in Earth Magic
 96729 | Vaults:5 | Got the Compendium of Cloudy Intoxication
 96883 | Vaults:5 | Noticed an ancient lich
 96892 | Vaults:5 | Killed an ancient lich
 96898 | Vaults:5 | Noticed a dread lich
 96905 | Vaults:5 | Killed a dread lich
 96912 | Vaults:5 | Reached skill level 5 in Earth Magic
 96923 | Vaults:5 | Identified the ring of Zext {Wiz Drain rElec rF+ Dex+5}
 96981 | Vaults:5 | Identified the ring "Itozutui" {rElec EV+4}
 97008 | Vaults:5 | Reached skill level 5 in Transmutations
 97186 | Vaults:5 | Noticed a dread lich
 97193 | Vaults:5 | Killed a dread lich
 97205 | Vaults:5 | Identified the +3 pair of gloves "Isiematz" {Str+4 Dex-5
                  | SInv Stlth+}
 97288 | Vaults:5 | Noticed a dread lich
 97295 | Vaults:5 | Killed a dread lich
 97745 | Vaults:5 | Identified the +0 chain mail "Xogan" {rElec Will+ Slay+3}
 98065 | Vaults:5 | Identified the +6 double sword of Lies {vorpal, rC- Dex+5}
 98065 | Vaults:5 | Identified the amulet of Roomiuff {Reflect Will+ Int+4
                  | SH+5}
 98095 | Vaults:5 | Got a silver rune of Zot
 98275 | Vaults:5 | Found the +7 mace of Variability {chain chaos}
 98545 | Vaults:5 | Identified the +2 ring mail "Woitzuy" {Rampage rC+ Int+4}
 98768 | D:15     | You paid a toll of 20 potions of curing to enter a treasure
                  | trove
 98769 | Trove    | Entered a treasure trove
 98776 | Trove    | Identified the +2 kite shield of Mesedel {Str+2 Int+2}
 98777 | Trove    | Identified the ring of Secrets {Fly rC+ Will+ Str+3}
 99014 | Zot:1    | Entered Level 1 of the Realm of Zot
 99028 | Depths:4 | Reached skill level 10 in Earth Magic
 99281 | Zot:1    | Noticed a dread lich
 99510 | Zot:1    | Found a transporter.
 99510 | Zot:1    | Noticed Iryommi's ghost (legendary KoDe)
 99546 | Zot:1    | Noticed an ancient lich
 99582 | Zot:1    | Found a transporter.
100668 | Zot:2    | Reached skill level 10 in Transmutations
102346 | Zot:3    | Noticed a Killer Klown
102350 | Zot:3    | Killed a Killer Klown
104549 | Zot:4    | Noticed a Killer Klown
104555 | Zot:4    | Killed a Killer Klown
106362 | Zot:5    | Entered Level 5 of the Realm of Zot
108311 | Zot:5    | Noticed a dread lich
108317 | Zot:5    | Killed a dread lich
108337 | Zot:5    | Noticed a Killer Klown
108359 | Zot:5    | Killed a Killer Klown
109104 | Zot:5    | Noticed an ancient lich
109105 | Zot:5    | Noticed an ancient lich
109136 | Zot:5    | Killed an ancient lich
109140 | Zot:5    | Killed an ancient lich
109364 | Zot:5    | Noticed a Killer Klown
109369 | Zot:5    | Killed a Killer Klown
109867 | Zot:5    | Noticed an orb of fire
109890 | Zot:5    | Killed an orb of fire
110132 | Zot:5    | Noticed an orb of fire
110152 | Zot:5    | Gained mutation: Your spells are a little easier to cast,
                  | but a little less powerful. [an orb of fire]
110169 | Zot:5    | Killed an orb of fire
110517 | Zot:5    | Noticed a dread lich
110522 | Zot:5    | Killed a dread lich
110774 | Zot:5    | Noticed an orb of fire
110791 | Zot:5    | Gained mutation: You sometimes lose the ability to read
                  | scrolls when taking damage. [an orb of fire]
110797 | Zot:5    | Killed an orb of fire
111307 | Zot:5    | Noticed an orb of fire
111318 | Zot:5    | Killed an orb of fire
111324 | Zot:5    | Lost mutation: You sometimes lose the ability to read
                  | scrolls when taking damage. [potion of mutation]
111324 | Zot:5    | Lost mutation: Your spells are a little easier to cast, but
                  | a little less powerful. [potion of mutation]
111324 | Zot:5    | Gained mutation: Your flesh is heat resistant. (rF+)
                  | [potion of mutation]
112998 | Zot:5    | Noticed an ancient lich
112999 | Zot:5    | Noticed a Killer Klown
113005 | Zot:5    | Noticed an orb of fire
113011 | Zot:5    | Gained mutation: Your body often deteriorates upon taking
                  | damage. [an orb of fire]
113014 | Zot:5    | Gained mutation: You passively dampen the noise of your
                  | surroundings. [an orb of fire]
113026 | Zot:5    | Killed an ancient lich
113032 | Zot:5    | Killed an orb of fire
113040 | Zot:5    | Killed a Killer Klown
113468 | Zot:5    | Noticed an orb of fire
113473 | Zot:5    | Gained mutation: You sometimes lose the ability to read
                  | scrolls when taking damage. [an orb of fire]
113473 | Zot:5    | Gained mutation: You are clumsy. (Dex -2) [an orb of fire]
113480 | Zot:5    | Killed an orb of fire
114755 | Zot:5    | Upgraded the game from 0.28-a0-1560-g060a6a1bfc to
                  | 0.28-a0-1568-g77cbbf62ba
115887 | Orc:2    | Bought a scroll of enchant armour for 292 gold pieces
115887 | Orc:2    | Bought a scroll of fear for 136 gold pieces
115887 | Orc:2    | Bought a scroll of magic mapping for 136 gold pieces
116376 | Zot:5    | Got the Orb of Zot
116396 | Zot:5    | Noticed Idapron the pandemonium lord
116410 | Zot:5    | Killed Idapron the pandemonium lord
116958 | D:1      | Upgraded the game from 0.28-a0-1568-g77cbbf62ba to
                  | 0.28-a0-1632-g283549b12f
116959 | D:$      | Escaped with the Orb!

Illustrated notes

Levels and vault maps discovered:
D:1:      ncdulo_wetmaze, layout_basic, minmay_misc_feat_columns,
          minmay_shallow_snake_nest
D:2:      layout_basic, uniq_robin
D:3:      cheibrodos_fertilizer, layout_loops_ring,
          mainiacjoe_overflow_alcove_1, uniq_sigmund
D:4:      layout_basic, minmay_temple_entry_glass, uniq_menkaure, uniq_pikel
D:5:      layout_cave_pools, gammafunk_ghost_split, nicolae_grassy_gnolls
D:6:      layout_basic
D:7:      layout_basic
D:8:      minmay_the_grid_octo_tiled_squarecenter [minmay_the_grid_octo_teeth,
          minmay_the_grid_octo_pinwheel, minmay_the_grid_octo_checkerflower,
          minmay_the_grid_octo_horde,
          minmay_the_grid_square_5x5_megaprize_diamond,
          minmay_the_grid_square_5x5_one_wall,
          minmay_the_grid_square_5x5_longway, minmay_the_grid_square_5x5_tie,
          minmay_the_grid_square_5x5_minibox], layout_gridville,
          chequers_serial_rivers_small_b, uniq_maggie
D:9:      hangedman_screamer, layout_loops_ring, disabler_island
D:10:     layout_cave_pods
D:11:     layout_irregular_city, erik_lair_island, orc_0_dummy, uniq_snorg
D:12:     layout_roguey [special_room_bee], serial_shops,
          nicolae_shop_advertising_works [nicolae_subvault_shop_adworks],
          nicolae_shop_crystal, nicolae_lakefront_shop
D:13:     layout_cave_pools, uniq_kirke
D:14:     layout_basic, david_vaults_4, serial_shops, nicolae_square_shop,
          hex_tiny, uniq_rupert, uniq_agnes, uniq_jorgrun
D:15:     hangedman_depths_entry_civil_slaughter, layout_rooms,
          minmay_misc_feat_rugged, enter_trove_3, st_stairs_12,
          grunt_decor_clamped, nicolae_hepliaklqana_monster_ancestors
Temple:   mainiacjoe_temple_archimedes_tessellation
Lair:1:   layout_hall_layers, nicolae_lair_grazing_beasts
          [nicolae_sub_lair_graze_edge, nicolae_sub_lair_graze_edge,
          nicolae_sub_lair_graze_edge, nicolae_sub_lair_graze_edge],
          grunt_megastairs_5, serial_bayou_shore_a
Lair:2:   layout_hall_layers, guppyfry_snake_entry_garden,
          portal_ice_cave_demonic_guard
Lair:3:   layout_cave_pods
Lair:4:   layout_long_grid, minmay_shoals_entry_hut, bobbens_ice_dragon_lair
Lair:5:   layout_cave_shapes, dpeg_slime_entry_enclosed_altar
Lair:6:   hellmonk_lair_end_abyssal_woods, layout_regular_city,
          nicolae_quartered_pool_medium, uniq_urug
Shoals:1: layout_shoals
Shoals:2: cheibrodos_shoals_oceanic_diplomacy, layout_shoals,
          nicolae_shoals_water_elemental_grotto
Shoals:3: layout_shoals, gammafunk_ghost_necromancy
Shoals:4: shoals_end_hangedman, layout_shoals, ldierk_geyser
Snake:1:  layout_gridlike, serial_shops, shop_fountains, grunt_megastairs_2
Snake:2:  layout_onion_interference, uniq_aizul, uniq_vashnia, uniq_saint_roka
Snake:3:  layout_layer_cave, serial_shops, nicolae_stop_n_shop_2, basic_altar
Snake:4:  grunt_snake_rune_spirals, layout_onion
Orc:1:    layout_diamond_mine, nicolae_shop_self_help
Orc:2:    st_orc_elflike, layout_caves, ebering_ghost_gozag, serial_shops, shop,
          minmay_shop_enchanted_jewellery, nicolae_orc_rich_vein, uniq_erolcha
Elf:1:    eino_elf_arrival_shootout, layout_rooms, serial_shops,
          bzr_entry_dummy, nicolae_shop_waterfront, nicolae_shop_behind_doors,
          minmay_elf_annihilation, uniq_nikola
Elf:2:    elven_hall_of_blades_hangedman_alternative
          [nicolae_blade_entry_pointy_end], layout_onion_city, minmay_shoptagon
Elf:3:    grunt_elf_hall_spiral, layout_loops_ring, serial_glass,
          glass_columns_a, glass_columns_b, due_unseen_surprise,
          minmay_strange_pillars, minmay_strange_pillars, feat_on_display
Vaults:1: ebering_ghost_xom, vaults_dpeg_diagonal, gammafunk_sealed_library,
          hangedman_vaults_impose, grunt_vaults_bifocal, v_misc_33,
          hangedman_vaults_pinch, vaults_room_pool, ontoclasm_vaults_tryst,
          nicolae_vaults_what_the_h, nicolae_vaults_circle_grid_a,
          layout_vaults_omnibox
Vaults:2: ontoclasm_vaults_spin, ontoclasm_vaults_shuriken,
          nicolae_vaults_ninety_degrees, nicolae_vaults_rhombus_6,
          ontoclasm_vaults_shout, minmay_crypt_entry_simple_sparse,
          nicolae_vaults_big_angled_halls, v_misc_17,
          nicolae_vaults_little_squares_3, vaults_room_semicircle,
          ontoclasm_vaults_idyll, vaults_mumra_lcd, vaults_dpeg_encased_lava,
          vaults_room_pools, nicolae_vaults_gold_heap,
          layout_vaults_maze_snakey, uniq_mara, uniq_boris
Vaults:3: vaults_mumra_minichess_inversion, vaults_dpeg_cross,
          nicolae_vaults_network_quinsquares
          [nicolae_vaults_network_quincunx_subvault,
          nicolae_vaults_network_quincunx_subvault,
          nicolae_vaults_network_quincunx_subvault,
          nicolae_vaults_network_quincunx_subvault], v_misc_22, v_misc_23,
          hangedman_vaults_hat, ontoclasm_vaults_gallery,
          ontoclasm_vaults_fault, v_misc_3, ontoclasm_vaults_decontamination,
          serial_ice_b, layout_vaults_omnicross
Vaults:4: v_rooms_1, nicolae_vaults_branching_niches, v_misc_9,
          ontoclasm_vaults_loading_screen, hangedman_vaults_corner_blocks,
          vaults_standard_mumra_lines, hangedman_vaults_stagger,
          ontoclasm_vaults_ring_large, vaults_mumra_chevron_long,
          nicolae_vaults_little_squares_6, v_alt_pattern_3,
          vaults_room_door_ring, nicolae_vaults_border_crossing,
          layout_vaults_ring
Vaults:5
Depths:1: grunt_bent_corner, layout_basic, pan_entry, nzn_ghost_randoct,
          hell_entry, serial_sigils_hangedman_shear, evilmike_butchery
Depths:2: dreamdust_isle_of_ice, layout_gridville, grunt_pan_entry_zigzag,
          nicolae_elevator_lobby_plus, lightli_too_deep,
          infiniplex_staircase_spiral, minmay_shop_grove
Depths:3: minmay_swirls_squares, layout_gridville, enter_ziggurat_a,
          rand_demon_pan_entry_9, abyss_entry, gammafunk_ghost_ooze, hell_entry,
          hex_medium, uniq_margery, uniq_enchantress
Depths:4: grunt_zot_entry_hairpin, layout_gridlike, abyss_entry,
          trog_three_pillars_becter, rand_demon_pan_entry_4, pf_coc_iceberg
Zot:1:    nicolae_moth_party, layout_misc_corridors, gammafunk_ghost_mausoleum,
          grunt_megastairs_4
Zot:2:    kennysheep_blocky_room, layout_misc_corridors
Zot:3:    layout_concentric_octagons, grunt_ministairs_14
Zot:4:    layout_misc_corridors
Zot:5:    layout_gridlike, guppyfry_library_mini

Skill      XL: |  1  2  3  4  5  6  7  8  9 10 11 12 13 14 15 16 17 18 19 20 21 22 23 24 25 26 27 |
---------------+----------------------------------------------------------------------------------+-----
Shields        | 4 5 6 8 9 10 11 13 15 16 | 16.0
Fighting       | 4 6 7 8 9 10 11 13 15 16 17 18 20 21 22 23 25 | 25.8
Armour         | 4 5 6 7 9 10 11 12 13 14 15 16 17 18 19 | 19.6
Polearms       | 3 5 8 10 12 13 15 16 18 20 | 20.0
Crossbows      | 1 4 8 10 11 12 13 15 17 18 21 22 24 | 24.7
Invocations    | 1 4 5 8 9 10 12 13 14 16 19 20 21 23 25 | 25.0
Dodging        | 2 3 5 6 7 |  7.5
Transmutations | 10 | 10.0
Earth Magic    | 12 | 12.0

Action                   |  1- 3 |  4- 6 |  7- 9 | 10-12 | 13-15 | 16-18 | 19-21 | 22-24 | 25-27 || total
-------------------------+-------+-------+-------+-------+-------+-------+-------+-------+-------++-------
Melee: Trident           |    78 |   153 |   345 |   777 |   171 |    57 |       |       |       ||  1581
       Halberd           |       |       |       |       |  1093 |   908 |       |       |       ||  2001
       Spear             |       |       |       |       |    17 |    22 |       |       |       ||    39
       Demon trident     |       |       |       |       |       |   421 |   644 |       |       ||  1065
       Glaive            |       |       |       |       |       |       |   594 |  1024 |  1388 ||  3006
       Staff             |       |       |       |       |       |       |       |     7 |       ||     7
 Fire: Hand crossbow     |       |       |    21 |   148 |   237 |   485 |    11 |       |       ||   902
       Arbalest          |       |       |       |       |       |       |   427 |   458 |     6 ||   891
       Triple crossbow   |       |       |       |       |       |       |       |    83 |   750 ||   833
Throw: Stone             |       |    11 |    10 |       |       |       |       |       |       ||    21
       Dart              |       |       |     3 |     3 |     9 |     2 |     7 |    14 |     3 ||    41
       Boomerang         |       |       |     1 |       |       |       |       |       |       ||     1
       Javelin           |       |       |       |     1 |     2 |     1 |       |     4 |       ||     8
       Throwing net      |       |       |       |       |     1 |       |       |     2 |       ||     3
 Cast: Passwall          |       |       |       |       |       |       |       |       |     1 ||     1
Invok: Grow Ballistomyce |       |       |       |     1 |     1 |     1 |       |       |       ||     3
       Overgrow          |       |       |       |       |     1 |       |     4 |     2 |     2 ||     9
       Grow Oklob        |       |       |       |       |       |     3 |     1 |     2 |     3 ||     9
       Wall of Briars    |       |       |       |       |       |     4 |       |     2 |     2 ||     8
 Abil: Dig               |       |       |       |     4 |     5 |     7 |    10 |     3 |     3 ||    32
Evoke: Wand              |       |       |       |     1 |     8 |     4 |     1 |     2 |       ||    16
       Condenser vane    |       |       |       |       |     1 |     2 |       |     1 |     1 ||     5
       Tin of tremorston |       |       |       |       |       |       |       |       |     1 ||     1
  Use: Scroll            |       |     7 |     4 |     6 |    16 |     3 |     4 |     2 |    12 ||    54
       Potion            |       |       |       |     6 |     2 |     2 |     2 |     6 |     2 ||    20
 Stab: Distracted        |       |       |       |       |     1 |     1 |     1 |     6 |    21 ||    30
       Confused          |       |       |       |       |       |     1 |       |     1 |     1 ||     3
       Paralysed         |       |       |       |       |       |       |     1 |       |       ||     1
Armor: Scale mail        |    33 |    61 |       |       |       |       |       |       |       ||    94
       Plate armour      |       |       |   120 |   293 |   104 |       |       |       |       ||   517
       Crystal plate arm |       |       |       |       |   463 |   742 |   460 |   285 |   521 ||  2471
Dodge: Dodged            |    29 |    53 |    39 |   119 |   193 |   238 |   212 |   167 |   315 ||  1365
Block: Buckler           |    12 |    15 |       |       |       |       |       |       |       ||    27
       Kite shield       |       |    41 |   138 |   387 |   758 |   869 |  1010 |   865 |  1378 ||  5446
       Reflection        |       |       |       |       |       |       |   114 |   140 |    50 ||   304

Table legend: (Time is in decaauts)
 A = Elapsed time spent in this place.
 B = Non-inter-level travel time spent in this place.
 C = Inter-level travel time spent in this place.
 D = Time resting spent in this place.
 E = Time spent auto-exploring this place.
 F = Levels seen in this place.
 G = Mean time per level.
                   A        B        C        D        E       F      G
               +--------+--------+--------+--------+--------+-----+--------+
         Total | 116423 | 105748 |  10675 |  41991 |  32575 |  52 | 2238.9 |
       Dungeon |  33071 |  28841 |   4230 |   9938 |   9526 |  15 | 2204.7 |
        Temple |    235 |    205 |     30 |      0 |    177 |   1 |  235.0 |
          Lair |  10274 |   9105 |   1169 |   1985 |   3277 |   6 | 1712.3 |
        Shoals |   8561 |   8184 |    377 |   3143 |   2132 |   4 | 2140.2 |
     Snake Pit |   8979 |   8331 |    648 |   3283 |   3108 |   4 | 2244.8 |
  Orcish Mines |   4090 |   3458 |    632 |   1519 |    679 |   2 | 2045.0 |
   Elven Halls |   5911 |   5678 |    233 |   2218 |   1745 |   3 | 1970.3 |
        Vaults |  17836 |  16750 |   1086 |   8327 |   4565 |   5 | 3567.2 |
        Depths |   9626 |   8566 |   1060 |   3173 |   3163 |   4 | 2406.5 |
           Zot |  16136 |  14929 |   1207 |   7865 |   3989 |   5 | 3227.2 |
        Bazaar |     39 |     39 |      0 |      0 |     25 |   1 |   39.0 |
         Trove |     45 |     45 |      0 |      0 |      0 |   1 |   45.0 |
      Ice Cave |   1614 |   1614 |      0 |    537 |    187 |   1 | 1614.0 |
               +--------+--------+--------+--------+--------+-----+--------+

Top non-repeatable levels by time:
   Zot:5: 7646 daAuts
     D:8: 6309 daAuts
Vaults:2: 3884 daAuts
Vaults:5: 3829 daAuts
Vaults:4: 3810 daAuts
     D:3: 3742 daAuts
Vaults:3: 3332 daAuts
 Snake:3: 3236 daAuts
Vaults:1: 2980 daAuts
  Lair:6: 2899 daAuts
   Zot:4: 2877 daAuts
Depths:3: 2725 daAuts
   Zot:3: 2629 daAuts
Depths:1: 2611 daAuts
    D:14: 2574 daAuts
